[Event "1st Sales Oliveira Masters 2022"]
[Site "Sales Oliveira"]
[Date "2022.06.08"]
[Round "1.2"]
[White "Born, Carlos Rodrigo"]
[Black "Delgado Ramirez, Neuris"]
[Result "0-1"]
[ECO "A07"]
[WhiteElo "2292"]
[BlackElo "2603"]
[Annotator "TA"]
[PlyCount "78"]
[EventDate "2022.05.30"]
[EventType "swiss"]
[EventCountry "BRA"]
[SourceTitle "playchess.com"]
[Source "ChessBase"]
[SourceQuality "1"]
[TimeControl "40/5400+30:1800+30"]

1. Nf3 Nf6 2. g3 d5 3. Bg2 c6 4. O-O Bg4 5. h3 Bxf3 6. Bxf3 e5 {[%emt 0:00:08] A07: Réti Opening: New York and Capablanca Systems.} 7. d3 Nbd7 {[%emt 0:02:15] 7...Bc5 is the modern continuation.} 8. c4 dxc4 {[%emt 0:00:52] The position is equal.} 9. dxc4 e4 $5 {[%emt 0:02:43][%mdl 4] Leaves trodden paths.} 10. Bg2 Bc5 {[%emt 0:00:21][%cal Oe4e3] [#]} 11. Nc3 $146 ({Predecessor:} 11. Qb3 Qb6 12. Nc3 e3 13. f4 O-O 14. Na4 Qxb3 15. axb3 Bd4 16. b4 c5 17. Rd1 {1-0 (30) Bao,Q (2420)-Chan,L (2261) Adelaide 2018}) 11... Qe7 (11... e3 $5 ) 12. b4 (12. e3 $11) 12... Bxb4 $15 13. Qc2 Bxc3 14. Qxc3 O-O 15. Rb1 b6 16. Bb2 Rfe8 17. Rfd1 c5 (17... Nc5 $17) 18. Rd5 Qf8 19. Rf5 Qd6 {[%emt 0:02:22] Prevents Rd1.} 20. Rd5 Qf8 21. Rf5 Re6 22. Rd1 Rae8 $1 23. Qc2 Rd6 {[%emt 0:01:53] Black converts the advantage convincingly.} 24. g4 h6 25. g5 {[%emt 0:02:59] Rxd6 is the strong threat.} hxg5 26. Rxg5 Rxd1+ 27. Qxd1 Re6 28. h4 (28. Qc2 $17) 28... Qd6 $1 $19 29. Qc1 {[%emt 0:01:00] [#]} e3 $1 30. fxe3 Ne5 31. Bf3 {[%emt 0:07:01] [#] Inhibits Neg4.} (31. Bxe5 Rxe5 32. Rxe5 Qxe5 33. Bf3) 31... Neg4 $1 32. Bxg4 (32. Kf1 Qh2) 32... Qg3+ 33. Kf1 Nxg4 34. Rxg7+ Kf8 35. Rxg4 Qxg4 36. Qc3 Qh3+ 37. Ke1 Qh1+ 38. Kf2 Qxh4+ 39. Kf3 Rg6 {[%emt 0:01:15] Weighted Error Value: White=0.81/Black=0.05 (flawless)} 0-1

[Event "1st Sales Oliveira Masters 2022"]
[Site "Sales Oliveira"]
[Date "2022.06.08"]
[Round "1.3"]
[White "Lima, Darcy"]
[Black "Labussiere, Victor"]
[Result "1-0"]
[WhiteElo "2488"]
[BlackElo "2349"]
[Annotator "TA"]
[PlyCount "37"]
[EventDate "2022.05.30"]
[EventType "swiss"]
[EventCountry "BRA"]
[SourceTitle "playchess.com"]
[Source "ChessBase"]
[SourceQuality "1"]
[TimeControl "40/5400+30:1800+30"]

1. Nf3 d5 2. g3 Nf6 3. Bg2 g6 4. O-O Bg7 5. d4 O-O 6. c4 dxc4 7. Na3 c3 8. bxc3 c5 9. e3 Nc6 {[%emt 0:00:37] [#]} {Predecessor:} 10. Bb2 $146 {D77: Fianchetto Grünfeld: 6 0-0: Replies other than 6...c6.} Qb6 11. Qe2 Be6 12. c4 Bf5 13. d5 Nb4 14. Rfd1 a6 15. Ne5 Rad8 16. e4 Bc8 17. Rab1 e6 18. Nd3 exd5 19. cxd5 {1-0 (49) Oparin,G (2652)-Mekhitarian,K (2554) Chess.com INT 2021} 1-0

[Event "1st Sales Oliveira Masters 2022"]
[Site "Sales Oliveira"]
[Date "2022.06.08"]
[Round "1.4"]
[White "Rodi, Luis Ernesto"]
[Black "Coro, Lucas"]
[Result "0-1"]
[ECO "B23"]
[WhiteElo "2351"]
[BlackElo "2398"]
[Annotator "TA"]
[PlyCount "94"]
[EventDate "2022.05.30"]
[EventType "swiss"]
[EventCountry "BRA"]
[SourceTitle "playchess.com"]
[Source "ChessBase"]
[SourceQuality "1"]
[TimeControl "40/5400+30:1800+30"]

1. e4 c5 2. Nc3 Nc6 3. Bb5 Nd4 4. Nf3 a6 5. Bd3 g6 6. O-O {[%emt 0:00:56] B23: Closed Sicilian: Lines without g3.} Bg7 7. Re1 d6 8. Nxd4 {[%emt 0:03:50] The position is equal.} cxd4 9. Ne2 (9. Nd5 e6 10. Nf4 Ne7 $11) 9... e5 10. c3 dxc3 11. dxc3 {[%emt 0:00:46] [#]} Ne7 $146 ({Predecessor:} 11... Be6 12. c4 Nf6 13. b3 O-O 14. Nc3 Nd7 15. a4 Qc7 16. Ba3 Nc5 17. Bc2 Rad8 {1-0 (38) Guseinov,G (2661)-Svane,F (2493) Chess.com INT 2022}) 12. Bc4 h6 13. Qd3 b5 14. Bb3 Bb7 15. Rd1 Nc8 16. a4 O-O 17. axb5 axb5 18. Rxa8 (18. Qxb5 Rxa1 19. Qxb7 Ne7 $15) 18... Bxa8 19. Qxb5 Bxe4 20. Ng3 $1 Bf5 21. Nxf5 gxf5 22. Bc2 Qf6 23. Qd3 e4 24. Qg3 (24. Qd5 $16) 24... Kh7 (24... Qe6 $14) 25. f3 Qe6 26. Qf4 $1 Be5 27. Qe3 (27. Qd2 $16) 27... Ne7 (27... d5 $11 {keeps the balance.}) 28. fxe4 $16 f4 29. Qf3 Ng6 30. Qh5 Rg8 31. Rf1 Rg7 32. Bd1 (32. Kh1 $18) 32... Kg8 33. Bg4 Qc4 34. Bf5 (34. Qxh6 $6 Bxc3 35. Bxf4 (35. bxc3 Qc5+ 36. Kh1 Rh7 $15) 35... Bd4+ 36. Be3 Ne5 $11) 34... f3 (34... Ne7 $16 {might work better.} 35. Bxf4 Nxf5 36. Qxf5 Qe2) 35. Bxg6 $2 {[%emt 0:06:49] A strong pair of Bishops.} ({Don't blunder} 35. Bxh6 $2 Bd4+ $1 36. cxd4 Qxd4+ 37. Rf2 Qd1+ 38. Rf1 f2+ 39. Kxf2 Qxh5 $19) (35. Qxf3 Nh4 36. Qf2 Rxg2+ 37. Qxg2+ Nxg2 38. Kxg2 d5 39. exd5 Qxd5+ 40. Rf3 h5 $17) ({White has to play} 35. g3 $18) 35... Qc5+ $11 36. Rf2 {[%emt 0:01:26][%cal Og6f7] Bxf7+! is the strong threat.} Bd4 $1 {[%emt 0:00:15] Chess con chili.} 37. Bxf7+ Rxf7 38. Qg6+ $2 {[%emt 0:00:15][%mdl 8192] Loses the game.} (38. Qxc5 $11 Bxc5 {[#]} 39. g4 $1 (39. gxf3 $2 Rxf3 40. Kg2 Rxf2+ $19) (39. Bxh6 $2 fxg2 40. Kxg2 Rxf2+ 41. Kg3 Rxb2 $19)) 38... Rg7 $19 39. Qe6+ Kf8 40. Kf1 Bxf2 41. Qf6+ Rf7 42. Bxh6+ (42. Qxh6+ $142 Ke7 43. gxf3 Rxf3 44. Bg5+ Kd7 45. Qg7+ Kc6 46. Kg2) 42... Ke8 43. Qe6+ Re7 44. Qg8+ Kd7 45. Qg4+ Kc7 {[%emt 0:00:31] ( -> ...Qc4+)} 46. b4 (46. Qxf3 $19 Bg1 47. Bf4) 46... Qc4+ 47. Kxf2 Qe2+ $1 {[%emt 0:00:06] Weighted Error Value: White=0.49/Black=0.25 (precise)} 0-1

[Event "1st Sales Oliveira Masters 2022"]
[Site "Sales Oliveira"]
[Date "2022.06.08"]
[Round "1.5"]
[White "Diamant, Andre"]
[Black "Supi, Luis Paulo"]
[Result "0-1"]
[ECO "D35"]
[WhiteElo "2539"]
[BlackElo "2590"]
[Annotator "TA"]
[PlyCount "78"]
[EventDate "2022.05.30"]
[EventType "swiss"]
[EventCountry "BRA"]
[SourceTitle "playchess.com"]
[Source "ChessBase"]
[SourceQuality "1"]
[TimeControl "40/5400+30:1800+30"]

1. d4 Nf6 2. c4 e6 3. Nc3 d5 4. cxd5 exd5 5. Bg5 c6 6. e3 Bd6 7. Bd3 O-O 8. Qc2 h6 9. Bh4 Re8 10. Nf3 Bg4 {[%emt 0:01:56] D35: Queen's Gambit Declined: Exchange Variation.} 11. O-O-O Na6 $5 {[%emt 0:12:11][%mdl 4] An interesting side line.} 12. a3 {[%emt 0:04:06] Prevents Nb4.} b5 {[%emt 0:02:56][%cal Ob5b4] [#] The position is equal.} 13. Bf5 $146 (13. Ne2 $11) ({Predecessor:} 13. h3 Bc8 14. Ne2 b4 15. Bxf6 gxf6 16. Qxc6 bxa3 17. Bxa6 axb2+ 18. Kc2 Bd7 19. Qxd5 {1-0 (52) Aparicio Navarro,P-Cid Royo,J Aragon 1994}) 13... Bxf3 ({Better is} 13... Bxf5 $17 14. Qxf5 Re6) 14. gxf3 $11 b4 15. axb4 Nxb4 16. Qa4 (16. Qd2 $11 {keeps the balance.}) 16... Rb8 17. Rhg1 $1 Rb6 (17... Bxh2 18. Rg2 Bd6 19. Rdg1 $11) 18. Qxa7 {[%emt 0:04:49][%cal Og1g7] aiming for Rxg7+!} Ra6 19. Qb7 Kf8 20. Rxg7 $2 {[%emt 0:12:50] Loses the game.} Ra1+ $19 21. Nb1 Kxg7 {[%emt 0:00:15] Chess con chili.} 22. Rg1+ Kf8 {[%emt 0:00:06] White must now prevent ...Qe7.} 23. Bxf6 (23. Bh7 {was the crucial defense.} Nxh7 24. Bxd8 Rxd8 25. Rg6) 23... Qxf6 24. Bh7 Qh8 25. Qd7 Rxb1+ (25... Qxh7 26. Qxd6+ Re7 27. Qb8+ Re8 28. Qxb4+ Re7 29. Qb8+ Re8 30. Qd6+ Re7 31. Qb8+ Re8 32. Qd6+ Re7 33. Qb8+ $11) (25... Na2+ $142 26. Kd1 Be7) 26. Bxb1 {[%emt 0:00:23] [#]} Be7 ({Inferior is} 26... Bxh2 27. Rg2 Bb8 28. Bg6 $11) 27. f4 $2 (27. Qb7 {was called for.}) 27... c5 28. dxc5 Bxc5 {[%emt 0:00:36] Threatens to win with ...Rb8.} 29. Qc7 Be7 30. Bf5 h5 ({Not} 30... Ra8 $2 31. Kb1 $19) 31. Qb6 d4 32. exd4 Nd5 33. Qc6 Nxf4 {[%emt 0:02:39] ...Ne2+ is the strong threat.} 34. Kb1 Ne2 ({But not} 34... Rd8 $2 35. Rd1) 35. Rd1 Nxd4 36. Qc3 {[%emt 0:00:25] [#]} Rd8 37. Be4 Qe5 {[%emt 0:01:07][%csl LRe4,LRh2] Black is clearly winning.} 38. Qe3 Bg5 {[%emt 0:00:56] Against Qh6+} 39. Qa3+ Kg7 {[%emt 0:00:32] Weighted Error Value: White=0.52/Black=0.22 (precise)} 0-1

[Event "1st Sales Oliveira Masters 2022"]
[Site "Sales Oliveira"]
[Date "2022.06.08"]
[Round "2.1"]
[White "Fier, Alexandr"]
[Black "Supi, Luis Paulo"]
[Result "1/2-1/2"]
[ECO "B41"]
[WhiteElo "2567"]
[BlackElo "2590"]
[Annotator "TA"]
[PlyCount "34"]
[EventDate "2022.05.30"]
[EventType "swiss"]
[EventCountry "BRA"]
[SourceTitle "playchess.com"]
[Source "ChessBase"]
[SourceQuality "1"]
[TimeControl "40/5400+30:1800+30"]

1. e4 c5 2. Nf3 e6 3. d4 cxd4 4. Nxd4 a6 5. c4 Nf6 6. Nc3 Qc7 7. a3 b6 8. Be3 Bb7 {[%emt 0:00:22] B41: Sicilian: Kan Variation: 5 c4.} 9. f3 Nc6 10. Rc1 {[%emt 0:00:06] 10.Be2 is not played anymore.} Be7 {[%emt 0:01:31] White is slightly better.} 11. Qd2 Ne5 12. Na4 O-O 13. b4 Rab8 14. Be2 Ng6 15. Nb3 {[%emt 0:05:54] [#]} Nxe4 $146 ({Predecessor:} 15... Ba8 16. Qd4 Nf4 17. Bf1 e5 18. Qd2 Bxe4 19. fxe4 Nxe4 20. Qc2 Qc6 21. Nd4 exd4 22. Bxf4 {0-1 (30) Sosovicka,M (2098)-Hua,D (2229) Al Ain 2013}) 16. fxe4 $16 Bxe4 17. O-O {[%emt 0:02:36] Hoping for Nxb6.} Bxg2 {[%emt 0:12:10] Weighted Error Value: White=0.08 (flawless) /Black=0.26 (precise)} 1/2-1/2

[Event "1st Sales Oliveira Masters 2022"]
[Site "Sales Oliveira"]
[Date "2022.06.08"]
[Round "2.2"]
[White "Coro, Lucas"]
[Black "Diamant, Andre"]
[Result "0-1"]
[ECO "B46"]
[WhiteElo "2398"]
[BlackElo "2539"]
[Annotator "TA"]
[PlyCount "100"]
[EventDate "2022.05.30"]
[EventType "swiss"]
[EventCountry "BRA"]
[SourceTitle "playchess.com"]
[Source "ChessBase"]
[SourceQuality "1"]
[TimeControl "40/5400+30:1800+30"]

1. e4 c5 2. Nf3 e6 3. d4 cxd4 4. Nxd4 Nc6 5. Nc3 a6 6. Nxc6 bxc6 7. Bd3 d5 8. O-O Qc7 9. f4 Bb7 10. Qe2 Nf6 11. Bd2 Be7 12. Rae1 O-O {[%emt 0:04:24] B46: Sicilian: Taimanov: 5 Nc3 a6.} 13. e5 Nd7 14. f5 exf5 {[%emt 0:00:57] The position is equal.} 15. Bxf5 Bc8 $1 {[%emt 0:15:20] [#]} 16. Na4 $146 ({Predecessor:} 16. e6 Nf6 17. Bf4 Qb6+ 18. Kh1 Qxb2 19. Be5 Qa3 20. Bxf6 Bxf6 21. exf7+ Rxf7 22. Bxh7+ Kxh7 23. Qh5+ Kg8 24. Re8+ Rf8 {½-½ (24) Gonzalez Gigato,J (2173)-Baufays,H (2335) ICCF email 2017}) 16... Nc5 17. Nxc5 Bxc5+ 18. Kh1 Bxf5 19. Rxf5 Rfe8 20. Qd3 g6 21. Rff1 Bf8 ({But not} 21... Rxe5 22. Bf4 Bd6 23. Bxe5 Bxe5 24. Qe3 $14) 22. c4 Qb7 23. cxd5 cxd5 24. Bc3 Bg7 25. Bd4 Re6 26. Re2 Rae8 27. Rfe1 $1 Qb8 28. h3 (28. Qg3 $11 {deserves consideration.}) 28... h5 ({Black should try} 28... Bxe5 $15 29. Bxe5 Rxe5) 29. Re3 (29. Bc3 $11) 29... Qd8 (29... Bxe5 $17 30. Bxe5 Rxe5 31. Rxe5 Rxe5 32. Rxe5 Qxe5 33. Qxa6 d4 34. Qc8+ Kg7) 30. Bc3 $11 R8e7 31. Bb4 Rb7 32. Bd6 Rxb2 33. Qxd5 Qg5 {[%emt 0:07:08][%cal Oe6d6] [#] ...Rxd6! is the strong threat.} 34. R3e2 Rxe2 35. Rxe2 Qc1+ 36. Kh2 Qf1 37. Re4 Bh6 38. Qc4 Qb1 39. Re2 Qf5 40. Re4 {[%emt 0:01:05] Prevents Qf4+.} Qf2 41. Bc5 {[%emt 0:30:58] Prevents Be3.} Qf5 $36 {[%emt 0:30:40][%mdl 2048] Hoping for ...Rc6. Black is pushing.} 42. Bd6 $1 Qf2 43. Bc5 {[%emt 0:00:12] Against Be3} Qb2 44. Bd6 Qb1 45. Qe2 Bg5 46. Qf3 Qxa2 47. Rb4 {[%emt 0:00:59] White threatens Rb8+ and mate.} Re8 48. Rb3 $2 {[%emt 0:00:48][%mdl 8192] [#]} (48. Qc6 $15 Rd8 49. h4) 48... Bf4+ $1 $19 {[%emt 0:00:32][%mdl 512] Black is clearly winning.} 49. Kg1 (49. Qxf4 Qxb3) 49... Qa1+ 50. Kf2 h4 {[%emt 0:01:30] Weighted Error Value: White=0.31/Black=0.09 (flawless)} 0-1

[Event "1st Sales Oliveira Masters 2022"]
[Site "Sales Oliveira"]
[Date "2022.06.08"]
[Round "2.3"]
[White "Labussiere, Victor"]
[Black "Rodi, Luis Ernesto"]
[Result "0-1"]
[ECO "A20"]
[WhiteElo "2349"]
[BlackElo "2351"]
[Annotator "TA"]
[PlyCount "42"]
[EventDate "2022.05.30"]
[EventType "swiss"]
[EventCountry "BRA"]
[SourceTitle "playchess.com"]
[Source "ChessBase"]
[SourceQuality "1"]
[TimeControl "40/5400+30:1800+30"]

1. c4 e5 2. g3 Nf6 3. Bg2 c6 4. d4 e4 5. d5 Bc5 6. Nc3 {[%emt 0:00:00] A20: English Opening: 1...e5.} O-O {[%emt 0:18:38] [#]} 7. Nh3 $146 (7. Nxe4 $14 Nxe4 8. Bxe4) ({Predecessor:} 7. Nxe4 Nxe4 8. Bxe4 Qb6 9. e3 Qb4+ 10. Bd2 Qxc4 11. Bg2 d6 12. Qb3 Qa6 13. Ne2 {0-1 (27) Claridge Hansen,W (2300)-Sadler,M (2659) London 2015}) 7... e3 (7... Re8 $11) 8. f3 (8. Bxe3 $14 Bxe3 9. fxe3) 8... b5 ({Better is} 8... cxd5 $11 9. cxd5 Qe7) 9. cxb5 $14 cxd5 (9... a6 $14) 10. O-O $16 d4 11. Na4 (11. b4 $142 $1 ) 11... d6 12. b4 $1 Bxb4 13. Qxd4 Qa5 (13... Ba5 $1 $14) 14. Rb1 $36 {[%emt 0:00:00][%mdl 2048] White has strong initiative.} Qxa4 (14... Bd2 $16) 15. Rxb4 $18 Qxa2 16. Bxe3 a5 17. Rb2 Qa3 18. Bf4 d5 (18... Qc5 $142 19. Rd1 Qxd4+ 20. Rxd4 d5) 19. e4 Be6 20. Bg5 dxe4 21. fxe4 {[%emt 0:06:07] [#] Hoping for Nf4.} ({Don't take} 21. Bxf6 gxf6 22. Nf4 (22. Qxf6 Nd7 $14) 22... Nd7 $16) 21... Nbd7 {[%emt 0:00:41][%mdl 32768] Weighted Error Value: White=0.21 (precise) /Black=0.37. Loss on time!?} 0-1

[Event "1st Sales Oliveira Masters 2022"]
[Site "Sales Oliveira"]
[Date "2022.06.08"]
[Round "2.4"]
[White "Delgado Ramirez, Neuris"]
[Black "Lima, Darcy"]
[Result "1-0"]
[ECO "B70"]
[WhiteElo "2603"]
[BlackElo "2488"]
[Annotator "TA"]
[PlyCount "57"]
[EventDate "2022.05.30"]
[EventType "swiss"]
[EventCountry "BRA"]
[SourceTitle "playchess.com"]
[Source "ChessBase"]
[SourceQuality "1"]
[TimeControl "40/5400+30:1800+30"]

1. e4 c5 2. Nf3 d6 3. d4 Nf6 4. Nc3 cxd4 5. Nxd4 Nc6 6. Be2 g6 7. h4 {[%emt 0:01:21] B70: Sicilian Dragon: 6 g3 and 6 Be2 (without a later Be3).} Bg7 8. Nxc6 $5 {[%emt 0:00:33][%mdl 4] A promising side line.} bxc6 9. h5 {[%emt 0:00:05] Black has an edge.} Nxh5 10. Bxh5 gxh5 11. Qxh5 {[%emt 0:00:09] [#]} Qb6 $146 ({Predecessor:} 11... Rb8 12. Qg5 Kf8 13. Qg3 Qa5 14. Bd2 Rxb2 15. Nd1 Rb4 16. Bxb4 Qxb4+ 17. c3 Qxe4+ {0-1 (23) Minasian,A (2525)-Wan,Y (2428) Moscow 2012}) 12. O-O (12. Qf3 $11 {keeps the balance.}) 12... Bxc3 (12... Be5 $17) 13. bxc3 $11 Qb5 14. Qh4 (14. Qh6 $11 {is superior.}) 14... Be6 ({Of course not} 14... Ba6 15. Re1 $11) (14... h5 $15) 15. Be3 c5 16. Rab1 Qc6 17. Rb2 f6 18. Rfb1 h5 19. f3 Kf7 20. c4 Qa4 21. Rb7 Rae8 22. e5 fxe5 23. f4 {[%emt 0:14:40] [#] Strongly threatening fxe5.} Qxc4 24. Qg5 Bd5 ({Much less strong is} 24... exf4 25. Rf1 Qxf1+ 26. Kxf1 fxe3 27. Rxa7 $16 (27. Qxe3 a5 $14)) 25. fxe5 {[%emt 0:01:08][%cal Ob7e7] White wants to mate with Rxe7+! Really sharp!} Bxb7 26. Qf5+ Kg7 {[%emt 0:00:02] Hoping for ...Be4.} 27. e6 Rhg8 $2 {[%emt 0:00:59][%mdl 8192] [#]} 28. Qg5+ Kh7 29. Qh6# {[%emt 0:00:06] Weighted Error Value: White=0.11 (very precise) /Black=0.35} 1-0

[Event "1st Sales Oliveira Masters 2022"]
[Site "Sales Oliveira"]
[Date "2022.06.08"]
[Round "2.5"]
[White "Gemy, Jose Daniel"]
[Black "Born, Carlos Rodrigo"]
[Result "1/2-1/2"]
[ECO "B99"]
[WhiteElo "2367"]
[BlackElo "2292"]
[Annotator "TA"]
[PlyCount "132"]
[EventDate "2022.05.30"]
[EventType "swiss"]
[EventCountry "BRA"]
[SourceTitle "playchess.com"]
[Source "ChessBase"]
[SourceQuality "1"]
[TimeControl "40/5400+30:1800+30"]

1. e4 c5 2. Nf3 d6 3. d4 cxd4 4. Nxd4 Nf6 5. Nc3 a6 6. Bg5 e6 7. f4 Be7 8. Qf3 Qc7 9. O-O-O Nbd7 10. g4 h6 11. Bxf6 Bxf6 12. h4 Nb6 $1 {[%emt 0:00:13][%mdl 4] is now more promising than 12...Qb6. B99: Sicilian Najdorf: 6 Bg5 e6 7 f4 Be7 8 Qf3 Qc7 9 0-0-0 Nbd7.} 13. g5 Bxd4 14. Rxd4 Qc5 {[%emt 0:00:02] White is slightly better.} 15. Rd2 Bd7 16. Qd3 hxg5 17. fxg5 {[%emt 0:01:38] [#]} Bc6 $146 ({Predecessor:} 17... Ke7 18. Bg2 Nc4 19. Re2 Rac8 20. Rf1 Rxh4 21. Qg3 Rh5 22. g6 f6 23. e5 Rxe5 24. Rxe5 Qxe5 25. Qxe5 Nxe5 26. Bxb7 {0-1 (45) Dejmek,M (2018)-Perez Gormaz,M (2400) Chess.com INT 2021}) 18. Qxd6 Qxd6 19. Rxd6 Ke7 20. Rd2 Nd7 21. Nd5+ exd5 22. exd5 Bb5 {[%emt 0:00:02] [#] Threatens to win with ...Bxf1.} 23. c4 $1 Rac8 24. Rc2 Bxc4 25. Bxc4 Kd6 26. Be2 Rce8 27. h5 Re5 28. Rg1 Rf5 29. g6 f6 30. Bg4 Rg5 31. Rcg2 Ne5 32. Be2 Rf5 33. Rh1 Rh6 34. Rd1 Rf4 35. b3 {[%emt 0:02:57] The position is equal.} Re4 36. a4 f5 37. Rf1 f4 38. Kd2 Rh8 39. Rgf2 Rf8 40. h6 gxh6 41. Rxf4 Rexf4 (41... Rfxf4 $2 42. Rxf4 Rxf4 43. g7 $18) 42. Rxf4 Nxg6 $11 {[%emt 0:00:23][%mdl 4096] Endgame KRB-KRN} (42... Rxf4 $2 43. g7 Rd4+ 44. Kc3 Rxd5 45. g8=Q $18) 43. Rb4 Nf4 44. Rxb7 Nxe2 45. Kxe2 Kxd5 {[%emt 0:00:05] KR-KR} 46. Rh7 Rf6 47. Kd3 Kc5 48. Kc3 Rf3+ 49. Kb2 Rh3 50. Ka3 Rh1 51. Rf7 Ra1+ 52. Kb2 Rd1 53. Rc7+ Kb6 54. Rh7 Rd6 55. b4 Rg6 56. a5+ Kb5 57. Rb7+ Ka4 58. Rb6 Rg2+ 59. Kc3 h5 60. Rxa6 {[%emt 0:01:54] [#] aiming for Rb6.} Rg3+ 61. Kc4 Rg4+ 62. Kc5 Rg5+ 63. Kc4 {[%emt 0:00:09] Hoping for Rh6.} Rg4+ 64. Kc5 Rg5+ 65. Kc4 Rg4+ 66. Kc5 {[%emt 0:00:22] Rh6 is the strong threat.} Rg5+ {[%emt 0:00:14] Weighted Error Value: White=0.05 (flawless) /Black=0.04 (flawless)} 1/2-1/2

[Event "1st Sales Oliveira Masters 2022"]
[Site "Sales Oliveira"]
[Date "2022.06.09"]
[Round "3.1"]
[White "Born, Carlos Rodrigo"]
[Black "Fier, Alexandr"]
[Result "0-1"]
[ECO "A34"]
[WhiteElo "2292"]
[BlackElo "2567"]
[Annotator "TA"]
[PlyCount "94"]
[EventDate "2022.05.30"]
[EventType "swiss"]
[EventCountry "BRA"]
[SourceTitle "playchess.com"]
[Source "ChessBase"]
[SourceQuality "1"]
[TimeControl "40/5400+30:1800+30"]

1. Nf3 Nf6 2. g3 c5 3. Bg2 Nc6 4. O-O e5 5. c4 d5 6. cxd5 Nxd5 7. d3 Be7 8. a3 O-O 9. Nc3 Nc7 10. Nd2 {[%emt 0:03:41] A34: Symmetrical English: 2 Nc3, lines with ...d5.} Bd7 11. Nc4 b5 12. Ne3 {[%emt 0:03:29] The position is equal.} (12. Bxc6 $5 Bxc6 13. Nxe5 $11) 12... Rc8 13. Ned5 Nxd5 14. Nxd5 Be6 15. Nxe7+ Qxe7 16. f4 (16. Be3 $11 {keeps the balance.}) 16... exf4 {[%emt 0:00:48] [#]} 17. Rxf4 $146 ({Predecessor:} 17. gxf4 Bg4 18. Bf3 Bxf3 19. Rxf3 Nd4 20. Rf2 Rfe8 21. e3 Nf5 22. e4 Nd4 23. f5 {1-0 (34) Staller,P (2355)-Vettel,M Germany 1989}) 17... Rfd8 18. Bxc6 Rxc6 19. Qf1 {[%emt 0:00:31] Prevents Bh3.} c4 {[%emt 0:02:08] Strongly threatening ...cxd3.} 20. d4 ({White should play} 20. Bd2 $1 $15) 20... Bd5 $17 {[%emt 0:00:33] 0x0.0022f9fa14c5dp-1022s more active pieces.} 21. Bd2 Re6 22. Re1 Re8 23. Rf5 Qd7 (23... Rxe2 $2 24. Rxe2 Qxe2 25. Qxe2 Rxe2 26. Rxd5 $18) 24. Qf2 Re4 (24... Rxe2 $2 25. Rxe2 Rxe2 26. Qxe2 $18) (24... Be4 $142 25. Rc5 Rc6) 25. Bc3 f6 (25... Rxe2 $2 26. Rxe2 Re6 27. Ree5 Rxe5 28. Rxe5 $18) 26. Rf4 (26. e3 $17) 26... h5 27. e3 Qh3 (27... Rxf4 $142 28. exf4 Rxe1+ 29. Qxe1 Qg4) 28. Qf1 ({Better is} 28. Rf5 Rd8 29. Ba5) 28... Qe6 $1 (28... Qxf1+ 29. Rfxf1 h4 30. Rf5 $11) 29. Qf2 Kf7 (29... Rxe3 $6 30. Rxe3 Qxe3 31. Qxe3 Rxe3 32. Rf5 $11) 30. Qf3 Kg6 ({Not} 30... Rxe3 31. Rxe3 Qxe3+ 32. Qxe3 Rxe3 33. Rf5 $15) 31. Rxe4 Bxe4 ({Weaker is} 31... Qxe4 32. Qxe4+ Bxe4 33. Ra1 $15) 32. Qf4 {[%emt 0:00:14] [#]} Rd8 $1 ({Inferior is} 32... Qh3 33. Re2 $17) 33. h3 {[%emt 0:02:12] [#]} Rd5 $1 34. g4 Rg5 35. Kh2 (35. Kf2 $17 {is a better defense.}) 35... hxg4 $19 36. hxg4 Qxg4 {[%emt 0:00:00] Really sharp!} 37. Qxg4 Rxg4 {[%emt 0:00:00][%mdl 4096] Endgame KRB-KRB} 38. Rg1 {[%emt 0:00:25] Against Rg2+} Kh5 39. Be1 (39. d5 $142) 39... Bd5 40. Rg3 g5 41. Bf2 a6 42. Be1 Re4 43. Bf2 Kg6 44. Rh3 (44. Be1 $142) 44... Re8 45. Kg3 $2 (45. Kg1 f5 46. Rg3) 45... a5 {[%emt 0:00:00] Black is clearly winning.} 46. Kh2 b4 {[%emt 0:00:00] And now ...c3 would win.} 47. axb4 axb4 {[%emt 0:00:00] Weighted Error Value: White=0.52/Black=0.12 (very precise)} 0-1

[Event "1st Sales Oliveira Masters 2022"]
[Site "Sales Oliveira"]
[Date "2022.06.09"]
[Round "3.2"]
[White "Lima, Darcy"]
[Black "Gemy, Jose Daniel"]
[Result "0-1"]
[ECO "A18"]
[WhiteElo "2488"]
[BlackElo "2367"]
[Annotator "TA"]
[PlyCount "60"]
[EventDate "2022.05.30"]
[EventType "swiss"]
[EventCountry "BRA"]
[SourceTitle "playchess.com"]
[Source "ChessBase"]
[SourceQuality "1"]
[TimeControl "40/5400+30:1800+30"]

1. c4 Nf6 2. Nc3 e6 3. e4 d5 4. e5 d4 5. exf6 dxc3 6. bxc3 Qxf6 7. Nf3 c5 8. d4 {[%emt 0:04:42] 8.Bd3 injects fresh life into this line.} cxd4 {[%emt 0:04:29] A18: English Opening: Flohr-Mikenas System (1 c4 Nf6 2 Nc3 e6 3 e4).} 9. Bd3 ({Don't play} 9. Qxd4 Nc6 10. Qxf6 gxf6 $11) ({Better is} 9. Bg5 $14 Qf5 10. cxd4 (10. Qxd4 Nc6 $15)) 9... dxc3 $15 {[%emt 0:14:29][%cal Oc3c2] [#] And now ...c2! would win.} 10. Bg5 c2 $1 {[%emt 0:00:12] Black is slightly better.} 11. Bxc2 Qc3+ 12. Kf1 {[%emt 0:08:47][%csl Gg5][%cal Rd1d8] [#]} Nc6 $146 {[%emt 0:01:00] Prevents Qd8+.} ({Predecessor:} 12... Qxc4+ 13. Bd3 Qd5 14. Kg1 Nc6 15. Qe2 Be7 16. Bxe7 Nxe7 17. Bb5+ Bd7 18. Bxd7+ Qxd7 19. Rd1 Qc7 20. Rc1 Qxc1+ {0-1 (20) Shahade,M (2239)-Grigoryan,M (2044) Chess.com INT 2021}) 13. Rc1 Qa5 14. h4 Bc5 {[%emt 0:04:00] Prevents Nd4.} 15. Bb1 Qc7 16. Rh3 (16. Qd2 $17) 16... f6 17. Bd2 e5 18. Rg3 Be6 19. Be1 g6 20. h5 g5 21. h6 (21. Be4 $142) 21... Qd7 22. Qb3 (22. Qxd7+ {was necessary.} Kxd7 23. Be4) 22... O-O-O $19 23. Qb5 Qd6 {[%emt 0:07:55] Strongly threatening ...g4.} 24. Nd2 (24. Be4 $142) 24... Nd4 25. Qb2 f5 {[%emt 0:00:29][%cal Bf6f5,Bf5f4][%mdl 32] Against Ne4} 26. Rcc3 g4 {[%emt 0:06:46] Black is clearly winning.} 27. Qc1 Qe7 {[%emt 0:03:39] Hoping for ...Qh4.} 28. Nb3 {[%emt 0:00:23] [#]} Qh4 $1 29. Nxd4 Bxd4 30. Ra3 f4 {[%emt 0:00:46] Black took control after the opening.  Weighted Error Value: White=0.81/Black=0.19 (very precise)} 0-1